 Dungeon Crawl Stone Soup version 0.29.1-12-g30fa7ad0bf (webtiles) character file.

Game seed: 7648542617493943907

3 wormed the Magician (level 1, -3/17 HPs)
             Began as a Gnoll Wanderer on Dec 26, 2022.
             Slain by a gnoll
             ... wielding a +0 spear
              (4 damage)
             ... on level 1 of the Dungeon.
             The game lasted 00:00:32 (129 turns).

wormed the Magician (Gnoll Wanderer)                 Turns: 129, Time: 00:00:33

Health: -3/17      AC:  2    Str:  9    XL:     1   Next: 50%
Magic:  8/8        EV: 10    Int:  9    God:
Gold:   0          SH:  4    Dex: 15    Spells: 13/14 levels left

rFire   . . .      SeeInvis .   a - +2 dagger
rCold   . . .      Faith    .   c - +0 buckler
rNeg    . . .      Spirit   .   e - +0 robe
rPois   .          Reflect  .   (no helmet)
rElec   .          Harm     .   (no cloak)
rCorr   .          Rampage  .   (no gloves)
Will    .....                   (no boots)
Stlth   +++.......              (no amulet)
HPRegen 0.05/turn               (no ring)
MPRegen 0.11/turn               (no ring)

@: no status effects
A: fangs 1, strong nose, distributed training
a: no special abilities


You were on level 1 of the Dungeon.
You visited 1 branch of the dungeon, and saw 1 of its levels.

Inventory:

Hand Weapons
 a - a +2 dagger (weapon)
Armour
 c - a +0 buckler (worn)
 e - a +0 robe (worn)
Scrolls
 d - a scroll of teleportation
Potions
 b - a potion of invisibility
 f - a potion of degeneration {unknown}


   Skills:
 + Level 2.3 Fighting
 + Level 0.0 Short Blades
 + Level 0.0 Long Blades
 + Level 0.0 Axes
 + Level 0.0 Maces & Flails
 + Level 0.0 Polearms
 + Level 0.0 Staves
 + Level 0.0 Ranged Weapons
 + Level 2.3 Throwing
 + Level 0.0 Armour
 + Level 0.0 Dodging
 + Level 4.0 Stealth
 + Level 2.3 Shields
 + Level 0.0 Unarmed Combat
 + Level 7.0 Spellcasting
 + Level 0.0 Conjurations
 + Level 0.0 Hexes
 + Level 0.0 Summonings
 + Level 0.0 Necromancy
 + Level 0.0 Translocations
 + Level 0.0 Transmutations
 + Level 0.0 Fire Magic
 + Level 0.0 Ice Magic
 + Level 0.0 Air Magic
 + Level 1.9 Earth Magic
 + Level 0.0 Poison Magic
 + Level 2.4 Invocations
 + Level 0.0 Evocations


You had 13 spell levels left.
You knew the following spells:

 Your Spells              Type           Power      Damage    Failure   Level
a - Sandblast             Erth           12%        2d6       12%         1

Your spell library contained the following spells:

 Spells                   Type           Power      Damage    Failure   Level
 Magic Dart               Conj           12%        1d3       26%         1
 Searing Ray              Conj           6%         2d4       36%         2
 Stone Arrow              Conj/Erth      10%        3d7       45%         3
 Fulminant Prism          Conj/Hex       1%         3d6       95%         4


Dungeon Overview and Level Annotations

Branches:
Dungeon (1/15)

Altars:


Innate Abilities, Weirdness & Mutations

You have very sharp teeth.
Your uncanny sense of smell can sniff out nearby items.
Your experience applies equally to all skills.


Message History

You begin with the following items: a +2 dagger, a potion of invisibility, a +0 buckler, a scroll of teleportation, a +0 robe; and the following spell memorised: Sandblast; and the following spells available to memorise: Stone Arrow.
Found an escape hatch in the floor.
f - a fizzy red potion
Found a stone staircase leading down.
A frilled lizard comes into view.
The helpless frilled lizard fails to defend itself.
You puncture the frilled lizard!
You kill the frilled lizard!
You see here a frilled lizard corpse.
You pick up a book of Conjurations and begin reading...
You add the spells Magic Dart, Searing Ray and Fulminant Prism to your library.
A dart slug comes into view.
A dart slug is nearby!
Found a stone staircase leading down.
The dart slug barely misses you.
You hit the dart slug.
The dart slug is lightly wounded.
You hit the dart slug.
The dart slug is moderately wounded.
The dart slug barely misses you.
You hit the dart slug.
The dart slug is almost dead.
The dart slug launches a dart at you. You block the slug dart.
You barely miss the dart slug.
The dart slug is almost dead.
The dart slug launches a dart at you. You block the slug dart.
You hit the dart slug.
You kill the dart slug!
You see here a dart slug corpse.
There is a stone staircase leading down here.
A gnoll comes into view. It is wielding a +0 spear.
The gnoll shouts!
A gnoll is nearby!
Found a scroll labelled IMAUWAO SONEGG.
The gnoll hits you with a +0 spear.
You closely miss the gnoll. The gnoll hits you with a +0 spear.
You closely miss the gnoll. The gnoll hits you with a +0 spear.
* * * LOW HITPOINT WARNING * * *
You closely miss the gnoll. The gnoll hits you with a +0 spear.
You die...

#.#####..######
##..............?#
######....######.#
..........# #.#
#.####...## #.#
#.# ##..# #.#
#.#####..# #.#
.........# #g#
##.####.## #@# #.#
### #.# #.# #.#
#.#### #.# #....#
#.# #..### #####.#
#..# #.....# #..##
#####.## #..##.###
#...###


You could see a gnoll.

Vanquished Creatures
  A dart slug (D:1)
  A frilled lizard (D:1)
2 creatures vanquished.

Notes
Turn   | Place    | Note
-------+----------+-------------------------------------------
     0 | D:1      | wormed the Gnoll Wanderer began the quest for the Orb.
     0 | D:1      | wormed set off with the following items: a +2 dagger, a
                  | potion of invisibility, a +0 buckler, a scroll of
                  | teleportation, a +0 robe; and the following spell
                  | memorised: Sandblast; and the following spells available to
                  | memorise: Stone Arrow.
     0 | D:1      | Reached XP level 1. HP: 17/17 MP: 8/8
   129 | D:1      | Slain by a gnoll

Illustrated notes

Levels and vault maps discovered:
D:1:      minmay_arrival_jagged, layout_loops_ring, serial_shops,
          nicolae_shop_bloodbath_and_beyond, minmay_lizard_king

Action                   || total
-------------------------++-------
Melee: Dagger            ||     9
 Stab: Sleeping          ||     1
Dodge: Dodged            ||     2
Block: Buckler           ||     2
